Description

This build order in really easy to execute. He is designed safe and macro oriented. There is many scout timing and you can adapt to your opponent all game long.

The goal is to do a stalker sentry opening and then go to a Immortal/Archon/Chargelot composition.

This build can be done in all league. It's design to be really strong in defense and works against every kind of protoss build order (cheese, all-in macro).

Few tips :

  • With your scouting probe : Check the mana, the 2nd pylon and if you can try to know what are the 2 first units of the gateway : In case of stalker / sentry you are safe to expand
  • Always do a wall on your ramp: You need it against an adept push
  • Use your sentry all game long to scout your opponent. After my expand, I add another sentry to do more hallucination and to have a constant scout
  • Add your forge as soon as you know that you are safe: 2 Gateways + 1 tech + 2nd Nexus in the opponent base mean that you are safe
  • On your robotic, you can do an immortal first: The observer will comes in time against DT timing
  • Focus on attack upgrade and chronoboost them
  • Add pylons on edge of your main base: It's really important in case of drops
  • If you are behind, don't attack your opponent. He will have the defensive advantage
  • If the opponent play with stalker / Distruptor : Add 2 Stargates and use phoenix to lift them
  • Try to take your third base at 6min

VOD

https://youtu.be/NiV50D52TtQ

Replay - Yahoooo v zuka - King's Cove LE

Build Order

Get SALT Encoding   

  12  0:01  Probe  
  13  0:13  Probe  
  14  0:18  Pylon  
  14  0:22  Probe  
  15  0:32  Probe  
  15  0:40  Gateway  
  15  0:42  Probe  
  16  0:48  Assimilator  
  17  0:53  Probe  
  18  0:57  Assimilator  
  18  1:01  Probe  
  18  1:10  Probe  
  19  1:11  Gateway  
  20  1:22  Probe  
  21  1:29  Cybernetics Core  
  21  1:34  Probe  
  22  1:40  Pylon  
  23  1:58  Warp Gate  
  23  2:07  Stalker  
  23  2:08  Sentry  
  27  2:20  Pylon x2  
  27  2:33  Stalker x2  
  31  2:44  Robotics Facility  
  30  3:07  Nexus  
  31  3:24  Immortal  
  37  3:54  Pylon  
  38  4:03  Observer  
  38  4:05  Forge  
  39  4:14  Sentry  
  43  4:27  Immortal  
  43  4:30  Protoss Ground Weapons Level 1  
  54  5:09  Gateway x2  
  55  5:16  Assimilator  
  58  5:31  Gateway  
  58  5:32  Immortal  
  63  5:43  Twilight Council  
  63  5:53  Assimilator  
  62  6:01  Charge  
  62  6:06  Nexus  
  64  6:12  Protoss Ground Weapons Level 2  
  64  6:13  Zealot x2  
  69  6:25  Templar Archives  
  72  6:58  Zealot x2  
  78  7:15  Gateway x2  
  80  7:22  High Templar x4  
  85  7:27  Zealot  
  85  7:29  Archon x2  
  100  8:00  High Templar x4  
  100  8:05  Archon x2  
  109  8:10  Assimilator x2  
  111  8:13  Gateway  
  112  8:21  Observer  
  112  8:22  Immortal  
  112  8:24  Shield Battery x2  
  112  8:25  Protoss Ground Weapons Level 3  
  114  8:29  High Templar x2  
  114  8:33  Zealot  
  125  8:34  Archon  
  125  8:42  Photon Cannon  
  127  8:51  Zealot x3  
  133  9:13  Gateway  
  133  9:16  Warp Prism  
  133  9:18  Zealot  
  149  9:25  Archon x2  
  151  9:36  Stargate  
Spawning Tool Build Advisor. Get it on Overwolf

Go to:

Details

  • Created by: zuka      
  • Published on: Feb 04, 2019
  • Patch: 4.7.1
Show
View Real Time Build Order
Export as new Build Order

Comments (0)

There are no comments. Be the first!

Create an account to comment!